 Dungeon Crawl Stone Soup version 0.28.0-62-gf88900778d (webtiles) character file.

Game seed: 7568974496334207439

35 infinitevox the Covered (level 3, -4/27 HPs)
             Began as a Demonspawn Wanderer on Apr 13, 2023.
             Slain by an iron imp (8 damage)
             ... summoned by Natasha
             ... on level 2 of the Dungeon.
             The game lasted 00:03:05 (1591 turns).

infinitevox the Covered (Demonspawn Wanderer)       Turns: 1591, Time: 00:03:05

Health: -4/27      AC:  8    Str: 14    XL:     3   Next: 16%
Magic:  4/4        EV: 13    Int: 14    God:
Gold:   71         SH:  0    Dex: 11    Spells: 3/4 levels left

rFire   . . .      SeeInvis .   j - +1 dagger (flame)
rCold   . . .      Faith    .   (no shield)
rNeg    . . .      Spirit   .   c - +2 scale mail
rPois   .          Reflect  .   (no helmet)
rElec   .          Harm     .   (no cloak)
rCorr   .          Rampage  .   (no gloves)
Will    .....                   (no boots)
Stlth   ..........              (no amulet)
HPRegen 0.09/turn               f - +4 ring of evasion
MPRegen 0.09/turn               (no ring)

@: hasted, very quick
A: powered by pain 1
a: no special abilities


You were on level 2 of the Dungeon.
You visited 1 branch of the dungeon, and saw 2 of its levels.

You collected 71 gold pieces.

Inventory:

Hand Weapons
 i - a +0 mace
 j - a +1 dagger of flaming (weapon)
Armour
 c - a +2 scale mail (worn)
Jewellery
 f - a +4 ring of evasion (left hand)
Scrolls
 a - a scroll of identify {unknown}
 d - a scroll of torment {unknown}
 g - a scroll of brand weapon {unknown}
 h - a scroll of noise {unknown}
Potions
 b - a potion of attraction
 k - a potion of heal wounds {unknown}


   Skills:
 + Level 2.2 Fighting
 + Level 3.6 Armour
 - Level 1.0 Dodging
 - Level 1.0 Stealth
 - Level 1.0 Spellcasting
 + Level 2.0 Ice Magic


You had 3 spell levels left.
You knew the following spells:

 Your Spells              Type           Power      Damage    Failure   Level
a - Freeze                Ice            24%        1d5       43%         1

Your spell library contained the following spells:

 Spells                   Type           Power      Damage    Failure   Level
 Frozen Ramparts          Ice            12%        1d3       80%         3


Dungeon Overview and Level Annotations

Branches:
Dungeon (2/15)

Altars:

Annotations:
D:2 Natasha


Innate Abilities, Weirdness & Mutations

You sometimes gain a little power by taking damage.


Message History

You kill the hobgoblin!
No target in view!
No target in view!
You see here a rat corpse.
You see here 9 stones.
You see here 15 sling bullets.
Done exploring.
(D) Dungeon
Where to? (? - help)
What level of the Dungeon? (default 1, ? - help)
There is a stone staircase leading down here.
You climb downwards.
Natasha hisses angrily.
Found 13 gold pieces.
There is a stone staircase leading up here.
Natasha is nearby!
Your +1 dagger of flaming bursts into flame!
j - a +1 dagger of flaming (weapon)
Natasha casts a spell.
Natasha casts a spell at you. The magic dart hits you!
You hit Natasha. You burn Natasha.
Natasha is lightly wounded.
Natasha barely misses you.
You miss Natasha.
Natasha is lightly wounded.
Natasha growls.
Natasha closely misses you.
You hit Natasha. You burn Natasha.
Natasha is heavily wounded.
Natasha claws you but does no damage. The iron imp hits you!
You hit Natasha but do no damage.
Natasha is heavily wounded.
Natasha misses you. The iron imp hits you.
It was a potion of haste.
You feel yourself speed up. Natasha claws you.
* * * LOW HITPOINT WARNING * * *
You hit Natasha. You burn Natasha.
Natasha is severely wounded.
The iron imp hits you!
You die...

#+# #.#
###.#####
#.......##
#....#...#
#........###
#...<......#
#........$..
#.@........#
#h5..#...###
#........#
###.######
#.# #.# #.#
.#


You could see an iron imp (summoned) and Natasha.

Vanquished Creatures
  5 ball pythons (D:1)
  2 bats (D:1)
  4 endoplasms (D:1)
  A giant cockroach (D:1)
  4 goblins (D:1)
  5 hobgoblins (D:1)
  A quokka (D:1)
  2 frilled lizards (D:1)
  2 kobolds (D:1)
  6 rats (D:1)
32 creatures vanquished.

Notes
Turn   | Place    | Note
-------+----------+-------------------------------------------
     0 | D:1      | infinitevox the Demonspawn Wanderer began the quest for the
                  | Orb.
     0 | D:1      | infinitevox set off with the following items: a +0 club, a
                  | potion of attraction, a +2 scale mail; and the following
                  | spell memorised: Freeze; and the following spells available
                  | to memorise: Frozen Ramparts
     0 | D:1      | Reached XP level 1. HP: 16/16 MP: 2/2
   106 | D:1      | Reached skill level 3 in Armour
   291 | D:1      | Gained mutation: You sometimes gain a little power by
                  | taking damage. [demonic ancestry]
   291 | D:1      | Reached XP level 2. HP: 19/22 MP: 3/3
  1110 | D:1      | Reached XP level 3. HP: 24/27 MP: 4/4
  1582 | D:2      | Noticed Natasha
  1591 | D:2      | Slain by an iron imp

Illustrated notes

Levels and vault maps discovered:
D:1:      evilmike_arrival_plus, layout_basic, minmay_hedge_maze
D:2:      minmay_thinvault, layout_loops_corners,
          hellmonk_ecumenical_altar_dog_temple, kennysheep_path_1,
          chequers_serial_rivers_micro_e, minivault_4, hangedman_decor_growths,
          uniq_natasha

Skill      XL: |  1  2 |
---------------+-------+-----
Armour         | 3 |  3.6
Ice Magic      | 2 |  2.0
Fighting       | |  2.2
Dodging        | |  1.0
Stealth        | |  1.0
Spellcasting   | |  1.0

Action                   || total
-------------------------++-------
Melee: Club              ||   104
       Mace              ||    33
       Punch             ||     1
       Dagger            ||     5
  Use: Potion            ||     1
Armor: Scale mail        ||    55
Dodge: Dodged            ||   111
